 Dungeon Sprint DCSS version 0.30-a0-43-gbbf338a72c (webtiles) character file.

Game seed: 13498279301672466771

809 mhtbhm the Thaumaturge (level 7, -4/36 HPs)
             Began as a Deep Elf Earth Elementalist on Aug 31, 2022.
             Was a Follower of Vehumet.
             Slain by a human (13 damage)
             ... in the Dungeon (Sprint III: "The Ten Rune Challenge").
             The game lasted 00:02:23 (795 turns).

mhtbhm the Thaumaturge (Deep Elf Earth Elementalist) Turns: 795, Time: 00:02:23

Health: -4/36      AC:  4    Str:  2    XL:     7   Next: 61%
Magic:  18/26      EV: 15    Int: 29    God:    Vehumet [*.....]
Gold:   25         SH:  0    Dex: 17    Spells: 24/34 levels left

rFire   . . .      SeeInvis .    i - +4 quarterstaff (chaos)
rCold   . . .      Faith    .    (shield currently unavailable)
rNeg    . . .      Spirit   .    a - +0 robe
rPois   .          Reflect  .    (no helmet)
rElec   .          Harm     .    e - +1 cloak {Will+}
rCorr   .          Rampage  .    (no gloves)
Will    +....      NoTele   +    (no boots)
Stlth   +++.......               h - amulet of the acrobat
HPRegen 0.12/turn                (no ring)
MPRegen 0.20/turn                (no ring)

@: no status effects
A: agile 1, clever 2, screaming 1
a: Renounce Religion


You were in the Dungeon.
You worshipped Vehumet.
Vehumet was aware of your devotion.
You visited 1 branch You collected 25 gold pieces.

Inventory:

Hand Weapons
 i - a +4 quarterstaff of chaos (weapon)
Armour
 a - a +0 robe (worn)
 e - a +1 cloak of willpower (worn)
Jewellery
 h - an amulet of the acrobat (around neck)
Wands
 j - a wand of charming (8)
Scrolls
 k - a scroll of immolation {unknown}
 l - a scroll of identify {unknown}
 n - a scroll of poison {unknown}
 o - a scroll of butterflies {unknown}
Potions
 b - 3 potions of magic
 c - a potion of curing
 d - 2 potions of heal wounds
 f - a potion of berserk rage
 m - 4 potions of flight
 p - a potion of attraction {unknown}


   Skills:
 + Level 6.4 Dodging
 + Level 4.4 Stealth
 + Level 14.1 Spellcasting
 + Level 1.2 Transmutations
 + Level 12.9 Earth Magic


You had 24 spell levels left.
You knew the following spells:

 Your Spells              Type           Power      Damage    Failure   Level
a - Sandblast             Erth           100%       2d20      0%          1
b - Passwall              Tmut/Erth      48%        N/A       1%          2
c - Stone Arrow           Conj/Erth      100%       3d13      1%          3
d - Petrify               Tmut/Erth      58%        N/A       1%          4

Your spell library contained the following spells:

 Spells                   Type           Power      Damage    Failure   Level
 Freeze                   Ice            80%        1d9       2%          1
 Gell's Gravitas          Tloc           20%        N/A       8%          3
 Teleport Other           Tloc           20%        N/A       8%          3
 Dispersal                Tloc           10%        N/A       98%         6


Dungeon Overview and Level Annotations

Branches:
Dungeon (1/1)

Altars:
Dithmenos
Elyvilon
Kikubaaqudgha
Okawaru
Ru
Sif Muna
Trog
Uskayaw
Vehumet
Wu Jian
Yredelemnul
Zin
The Shining One


Innate Abilities, Weirdness & Mutations

You are agile. (Dex +4, Str/Int -1)
Your mind is very acute. (Int +8, Str/Dex -2)
You occasionally shout uncontrollably at your foes.


Message History

Casting: Sandblast (safe; 0% risk of failure)
Confirm with . or Enter, or press ? or * to list all spells.
Aiming: Sandblast (safe; 0% risk of failure)
Press: ? - help, Shift-Dir - straight line, f/p - human
Aim: a human (severely wounded, strong, 80% to hit)
The blast of sand hits the human!!
You kill the human!
Vehumet accepts your kill. The human hits you! The human closely misses you.
Your Spellcasting skill increases to level 14!
Unknown command.
Casting: Sandblast (safe; 0% risk of failure)
Confirm with . or Enter, or press ? or * to list all spells.
Aiming: Sandblast (safe; 0% risk of failure)
Press: ? - help, Shift-Dir - straight line, f - human
Aim: a human (berserk, 80% to hit)
The blast of sand hits the human!
The human is moderately wounded.
The human hits you! x2
* * * LOW HITPOINT WARNING * * *
Blink to where?
Press: ? - help, Dir - move target, p - human
As you read the scroll of blinking, it crumbles to dust.
Casting: Sandblast (safe; 0% risk of failure)
Confirm with . or Enter, or press ? or * to list all spells.
Aiming: Stone Arrow (safe; 1% risk of failure)
Press: ? - help, Shift-Dir - straight line, f - human
Aim: a human (moderately wounded, berserk, 69% to hit)
The stone arrow hits the human!!
The human is severely wounded.
Unknown command.
Casting: Stone Arrow (safe; 1% risk of failure)
Confirm with . or Enter, or press ? or * to list all spells.
Aiming: Sandblast (safe; 0% risk of failure)
Press: ? - help, Shift-Dir - straight line, f/p - human
Aim: a human (severely wounded, berserk, 80% to hit)
The blast of sand misses the human.
The human rages.
The human hits you!
You die...

▓▓▓▓▓▓▓▓▓▓ ▓▓▓ .#..'....♣♣
♣.############ .#..#.....♣
♣♣.#___#___#__# '####.....♣♣
..#...#__)#._#
....#....~.♣♣♣♣.###)#'###)##
....#...~~♣♣..♣.#....!.....#
...[#..~~~~♣.♣..@p⌠........#
###'#..~≈≈~~~...#...######+#
....#.~~≈~~~....#.⌠.#
†...#.~≈~~~.....#...#
....#.~~~.......#)###
#####...........#.).#
................#___#
▓▓▓▓▓▓▓▓▓▓▓▓▓▓▓▓▓▓▓▓▓


You could see a human (berserk).

Vanquished Creatures
  A deep elf pyromancer (D)
  A necrophage (D)
  A water elemental (D)
  Crazy Yiuf (D)
  A wizard (D)
  A necromancer (D)
  2 humans (D)
  A kobold demonologist (D)
  2 endoplasms (D)
  2 rats (D)
13 creatures vanquished.

Notes
Turn   | Place    | Note
-------+----------+-------------------------------------------
     0 | D        | mhtbhm the Deep Elf Earth Elementalist began the quest for
                  | the Orb.
     0 | D        | Reached XP level 1. HP: 10/10 MP: 6/6
    77 | D        | Reached skill level 4 in Spellcasting
    77 | D        | Reached skill level 5 in Earth Magic
    77 | D        | Reached XP level 2. HP: 8/15 MP: 1/9
   216 | D        | Learned a level 2 spell: Passwall
   285 | D        | Noticed Crazy Yiuf
   295 | D        | Killed Crazy Yiuf
   296 | D        | Reached skill level 5 in Spellcasting
   296 | D        | Reached XP level 3. HP: 7/19 MP: 6/12
   502 | D        | Gained mutation: You occasionally shout uncontrollably at
                  | your foes. [potion of mutation]
   502 | D        | Gained mutation: You occasionally lose the ability to read
                  | scrolls when taking damage. [potion of mutation]
   505 | D        | Lost mutation: You occasionally lose the ability to read
                  | scrolls when taking damage. [potion of mutation]
   505 | D        | Lost mutation: You occasionally shout uncontrollably at
                  | your foes. [potion of mutation]
   505 | D        | Gained mutation: Your body sometimes deteriorates upon
                  | taking damage. [potion of mutation]
   505 | D        | Gained mutation: You occasionally shout uncontrollably at
                  | your foes. [potion of mutation]
   505 | D        | Gained mutation: Your mind is acute. (Int +4, Str/Dex -1)
                  | [potion of mutation]
   505 | D        | Gained mutation: You have a pair of small antennae on your
                  | head. [potion of mutation]
   506 | D        | Lost mutation: You have a pair of small antennae on your
                  | head. [potion of mutation]
   506 | D        | Lost mutation: Your body sometimes deteriorates upon taking
                  | damage. [potion of mutation]
   506 | D        | Gained mutation: Your mind is very acute. (Int +8, Str/Dex
                  | -2) [potion of mutation]
   506 | D        | Gained mutation: You are agile. (Dex +4, Str/Int -1)
                  | [potion of mutation]
   525 | D        | Learned a level 3 spell: Stone Arrow
   527 | D        | Noticed a water elemental
   532 | D        | Killed a water elemental
   533 | D        | Reached skill level 7 in Spellcasting
   533 | D        | Reached XP level 4. HP: 23/24 MP: 9/15
   577 | D        | Found a radiant altar of Vehumet.
   577 | D        | Found a shimmering blue altar of Sif Muna.
   577 | D        | Found an ancient bone altar of Kikubaaqudgha.
   577 | D        | Noticed a wizard
   578 | D        | Killed a wizard
   583 | D        | Reached skill level 5 in Dodging
   583 | D        | Reached skill level 8 in Spellcasting
   583 | D        | Reached XP level 5. HP: 28/28 MP: 11/17
   625 | D        | Became a worshipper of Vehumet
   698 | D        | Found a basalt altar of Yredelemnul.
   698 | D        | Found a shadowy altar of Dithmenos.
   698 | D        | Found a sacrificial altar of Ru.
   701 | D        | Reached skill level 9 in Spellcasting
   742 | D        | Learned a level 4 spell: Petrify
   749 | D        | Found a glowing silver altar of Zin.
   749 | D        | Found a glowing golden altar of the Shining One.
   749 | D        | Found a white marble altar of Elyvilon.
   749 | D        | Noticed a deep elf pyromancer
   751 | D        | Killed a deep elf pyromancer
   751 | D        | Reached * piety under Vehumet
   751 | D        | Offered knowledge of Freeze by Vehumet.
   752 | D        | Reached skill level 13 in Spellcasting
   752 | D        | Reached XP level 6. HP: 32/32 MP: 18/24
   752 | D        | Reached XP level 7. HP: 36/36 MP: 18/25
   788 | D        | Found a hide-covered altar of Uskayaw.
   788 | D        | Found an iron altar of Okawaru.
   788 | D        | Found a bloodstained altar of Trog.
   788 | D        | Found an ornate altar of the Wu Jian Council.
   788 | D        | Noticed a human
   788 | D        | Noticed a human
   791 | D        | Killed a human
   792 | D        | Reached skill level 14 in Spellcasting
   795 | D        | Slain by a human

Illustrated notes

Levels and vault maps discovered:
D:        dungeon_sprint_mu [sprint_mu_entry_forest, sprint_mu_temple_rooms,
          sprint_mu_d1_horrors, sprint_mu_d2_genie, sprint_mu_d3_branching,
          sprint_mu_orc_legion, sprint_mu_elf_gauntlet, sprint_mu_hive_nellie,
          sprint_mu_lair_fedhas, sprint_mu_vaults_butterflies,
          sprint_mu_slime_circle, sprint_mu_shoals_archi,
          sprint_mu_snake_twists, sprint_mu_blade_basic,
          sprint_mu_crypt_fortress, sprint_mu_tomb_spiral,
          sprint_mu_vestibule_basic, sprint_mu_gehenna_hellfire,
          sprint_mu_dis_giant, sprint_mu_tartarus_statrot,
          sprint_mu_cocytus_islands, sprint_mu_zot1]

Skill      XL: |  1  2  3  4  5  6  7 |
---------------+----------------------+-----
Dodging        | 3 4 5 6 |  6.4
Earth Magic    | 5 6 7 8 12 | 12.9
Spellcasting   | 4 5 7 8 13 14 | 14.1
Stealth        | 3 4 |  4.4
Transmutations | |  1.2

Action                   |  1- 3 |  4- 6 |  7- 9 || total
-------------------------+-------+-------+-------++-------
 Cast: Sandblast         |    19 |    11 |     5 ||    35
       Stone Arrow       |       |       |     1 ||     1
  Use: Potion            |     4 |       |       ||     4
       Scroll            |       |       |     1 ||     1
Dodge: Dodged            |     5 |     5 |     1 ||    11

Table legend: (Time is in decaauts)
 A = Elapsed time spent in this place.
 B = Non-inter-level travel time spent in this place.
 C = Inter-level travel time spent in this place.
 D = Time resting spent in this place.
 E = Time spent auto-exploring this place.
 F = Levels seen in this place.
 G = Mean time per level.
                   A        B        C        D        E       F      G
               +--------+--------+--------+--------+--------+-----+--------+
         Total |    796 |    796 |      0 |    570 |      1 |   1 |  796.0 |
       Dungeon |    796 |    796 |      0 |    570 |      1 |   1 |  796.0 |
               +--------+--------+--------+--------+--------+-----+--------+

Top non-repeatable levels by time:
       D: 796 daAuts
